 Dungeon Crawl Stone Soup version 0.30.0-15-g856e2d3f33 (webtiles) character file.

Game seed: 17887008321904537644

70355 Kenran the Warrior (level 15, -18/231 HPs)
             Began as a Gargoyle Berserker on May 19, 2023.
             Was a High Priest of Trog.
             Demolished by a minotaur
             ... wielding the +12 flail "Lifebane" {freeze, rPois rN+ Stlth-}
              (20 damage)
             ... in a Gauntlet.
             The game lasted 00:27:47 (14645 turns).

Kenran the Warrior (Gargoyle Berserker)            Turns: 14645, Time: 00:27:48

Health: -18/231    AC: 31    Str: 23    XL:     15   Next: 33%
Magic:  15/15      EV:  2    Int:  7    God:    Trog [*****.]
Gold:   1181       SH:  5    Dex: 15    Spells: 14/14 levels left

rFire   . . .        a - +1 long sword (heavy)
rCold   + . .        p - +0 buckler
rNeg    + . .        h - melded +8 ring mail of the Nine Lives {rF++ Dex+2}
rPois   ∞            M - melded +2 hat
rElec   .            k - melded +0 cloak
rCorr   .            o - melded +2 pair of gloves
SInv    .            S - melded +2 pair of boots
Will    +....        i - amulet of regeneration Stlth
                     d - ring of protection from cold
HPRegen 1.38/turn    N - +4 ring of protection
MPRegen 0.14/turn

%: no teleportation
@: berserking, tree-form (expiring), very quick
A: stationary, stasis, torment immunity, boosted hp, sickness immunity, AC +11,
(big wings), negative energy resistance 1, (electricity resistance), torment
resistance 1, petrification resistance
a: Renounce Religion, Berserk, Trog's Hand, Brothers in Arms


You were in a Gauntlet.
You worshipped Trog.
Trog was extremely pleased with you.
You were a tree.
You visited 2 branches of the dungeon, and saw 17 of its levels.
You also visited: Bailey and Gauntlet.

You collected 1181 gold pieces.

Inventory:

Hand Weapons
 a - a +1 heavy long sword (weapon)
 b - the +1 rapier of Quetz {elec, rElec}
   (You found it on level 5 of the Dungeon)

   rElec:     It insulates you from electricity.
Armour
 h - the +8 ring mail of the Nine Lives (melded) {rF++ Dex+2}
   (You found it on level 2 of the Dungeon)

   Dex:       It affects your dexterity (+2).
   rF:        It greatly protects you from fire.
 k - a +0 cloak (melded)
 o - a +2 pair of gloves (melded)
 p - a +0 buckler (worn)
 M - a +2 hat (melded)
 S - a +2 pair of boots (melded)
Jewellery
 d - a ring of protection from cold (left branch)
 i - an amulet of regeneration (around neck)
 N - a +4 ring of protection (right branch)
 R - a ring of fire
 V - a ring of protection from fire
Wands
 l - a wand of polymorph (11)
 m - a wand of quicksilver (22)
 y - a wand of flame (10)
 A - a wand of iceblast (33)
 L - a wand of digging (9)
 T - a wand of mindburst (4)
Scrolls
 c - 5 scrolls of teleportation
 e - a scroll of silence {unknown}
 j - 6 scrolls of magic mapping
 r - 5 scrolls of poison
 u - 2 scrolls of summoning
 x - 3 scrolls of enchant weapon
 B - 2 scrolls of brand weapon
 C - a scroll of fear
 E - 2 scrolls of immolation {!r}
 F - 4 scrolls of fog
 G - 2 scrolls of vulnerability {unknown}
 I - a scroll of blinking
 K - a scroll of acquirement {unknown}
Potions
 f - 14 potions of curing {@q1}
 g - 4 potions of heal wounds {@q2}
 s - 5 potions of might {unknown}
 t - 6 potions of lignification {!q}
 v - 4 potions of mutation {unknown}
 w - 3 potions of haste {unknown}
 z - 4 potions of magic {unknown}
 D - 2 potions of flight {unknown}
 H - 2 potions of cancellation {unknown}
 J - 3 potions of degeneration {unknown}
 O - a potion of ambrosia {unknown}
 P - 2 potions of brilliance {unknown}
 U - a potion of invisibility {unknown}
Miscellaneous
 n - a condenser vane
 q - a lightning rod (4/4)
 Q - a piece from Xom's chessboard (15/15)


   Skills:
 + Level 15.4 Fighting
 - Level 14.0 Long Blades
 - Level 12.5 Armour
 - Level 8.0 Dodging
 - Level 3.0 Shields
 - Level 5.0 Evocations


You had 14 spell levels left.
You didn't know any spells.
Your spell library was empty.

Dungeon Overview and Level Annotations

Branches:
Dungeon (12/15)            Temple (0/1) D:7            Lair (5/5) D:10
 Shoals (0/4) Lair:3        Snake (0/4) Lair:3        Slime (0/5) Lair:4
    Orc (0/2) D:11         Bailey (visited)         Gauntlet (1/1)

Altars:
Cheibriados
Dithmenos
Gozag
Hepliaklqana
Makhleb
Okawaru
Qazlal
Ru
Trog
Uskayaw
Wu Jian
Xom
Zin
The Shining One
Jiyva
Lugonu

Portals:
Abyss: D:7

Annotations:
D:11 1 runed translucent door, spanner's ghost, journeyman MiBe
Lair:5 exclusion: oklob plant Gauntlet 6 transporters


Innate Abilities, Weirdness & Mutations

You are a tree.
Your roots penetrate the ground, keeping you stationary.
You cannot be teleported.
You are immune to unholy pain and torment.
Your maximum health is greatly increased.
Your equipment is partially melded.
You are immune to sickness and miasma.
((Your stone body is resilient. (AC +11)))
You are immune to poison.
((Your large and strong wings let you fly.))
You resist negative energy. (rN+)
((You are resistant to electric shocks. (rElec)))
You are resistant to unholy torment.
You are immune to petrification.


Message History

The minotaur moves out of view.
Found a shiny scale mail and a glowing hat.
The minotaur throws a javelin.
The javelin completely misses you.
It was a potion of lignification.
You turn into a tree.
Your +0 cloak melds into your body.
Your +2 hat melds into your body.
Your +2 pair of gloves melds into your body.
Your +2 pair of boots melds into your body.
The +8 ring mail of the Nine Lives {rF++ Dex+2} melds into your body.
Your roots penetrate the ground.
You swing at nothing.
The minotaur drinks a potion.
The minotaur goes berserk!
You swing at nothing.
The minotaur blocks your attack.
The minotaur hits you with the +12 flail "Lifebane" {freeze, rPois rN+ Stlth-}!!
The minotaur gores you but does no damage.
The minotaur hits you with the +12 flail "Lifebane" {freeze, rPois rN+ Stlth-}!!!
The minotaur freezes you!
The minotaur gores you but does no damage.
You feel much better.
The minotaur hits you with the +12 flail "Lifebane" {freeze, rPois rN+ Stlth-}!!!
The minotaur freezes you.
The minotaur gores you but does no damage.
The minotaur hits you with the +12 flail "Lifebane" {freeze, rPois rN+ Stlth-}!!
* * * LOW HITPOINT WARNING * * *
The minotaur freezes you.
* * * LOW HITPOINT WARNING * * *
The minotaur gores you.
* * * LOW HITPOINT WARNING * * *
Okay, then.
A red film seems to cover your vision as you go berserk!
You feel yourself moving faster!
You feel mighty!
Your transformation is almost over.
The minotaur hits you with the +12 flail "Lifebane" {freeze, rPois rN+ Stlth-}!!
* * * LOW HITPOINT WARNING * * *
The minotaur freezes you.
* * * LOW HITPOINT WARNING * * *
You block the minotaur's attack.
You slice the minotaur!!
The minotaur is lightly wounded.
The minotaur hits you with the +12 flail "Lifebane" {freeze, rPois rN+ Stlth-}!!
You die...

≣≣≣≈≣≈≣≈≣≈≣≣≣≣≣≣≣≣§≣≈≣≈≣§≣≈≣≣
≣≣≣≣≣≣≣≣≣.©..©.≣≣≣≣≣≣≣≣≣≣≣
▓▓▓▓......▓▓▓▓▓▓
▓...............▓
▓...............▓
▓▓.▓.▓▓▓▓▓▓▓.▓.▓▓
▓.▓....▓....▓ ▓
▓.▓.▓▓.▓.▓▓.▓.▓
▓......♣......▓
▓.▓..░░H░░..▓.▓ ▓ ░8.8░..▓.▓
░...░....▓ ░8.8░.8▓▓▓
░/.[░▓▓▓ ░8.8░ ░[.[░


You could see a minotaur (berserk, reflecting).

Vanquished Creatures
  An orc warlord (Bailey)
  A dire elephant (Gauntlet)
  Josephine (Lair:3)
  3 hydras
  A catoblepas (Gauntlet)
  A centaur warrior (D:10)
  2 two-headed ogres
  6 death yaks (Lair:5)
  2 skysharks
  A manticore (Lair:3)
  An ugly thing (D:12)
  13 elephants
  An eye of devastation (Gauntlet)
  3 black mambas
  2 gargoyles
  Maggie (D:8)
  9 cane toads
  2 rime drakes
  12 komodo dragons
  An unseen horror (D:5)
  3 polar bears (Lair:3)
  A troll (D:11)
  A wind drake (Lair:3)
  A hornet (Lair:5)
  20 blink frogs
  17 dream sheep (Lair:3)
  Sigmund (D:5)
  8 wyverns
  A spriggan (D:9)
  5 wraiths
  15 yaks
  A steam dragon (D:6)
  3 basilisks
  2 wargs (D:10)
  Menkaure (D:5)
  12 water moccasins
  An acid dragon (D:10)
  3 nagas (Lair:3)
  A floating eye (Gauntlet)
  An ice beast (D:5)
  15 orc warriors
  3 sky beasts
  A black bear (D:5)
  An ogre (D:5)
  8 centaurs
  22 wolves
  A phantom (D:7)
  4 kobold brigands
  16 bullfrogs
  5 wights (D:8)
  5 scorpions
  5 killer bees (D:11)
  5 electric eels
  4 lava snakes (Lair:3)
  5 jellies
  11 orc priests
  3 hounds
  2 gnoll boudas
  2 sleepcaps
  Ijyb (D:5)
  3 iguanas
  15 orc wizards
  17 gnolls
  5 adders
  A shadow imp (D:7)
  2 white imps
  3 dart slugs
  58 orcs
  2 bats
  11 endoplasms
  3 giant cockroaches
  15 goblins
  19 hobgoblins
  14 kobolds
  2 quokkas
  6 ball pythons
  4 frilled lizards
  4 rats
465 creatures vanquished.

Vanquished Creatures (collateral kills)
  Rupert (Lair:3)
  An orc warrior (Bailey)
  A goblin (Bailey)
3 creatures vanquished.

Vanquished Creatures (others)
  2 orc wizards (D:11)
2 creatures vanquished.

Grand Total: 470 creatures vanquished

Notes
Turn   | Place    | Note
-------+----------+-------------------------------------------
     0 | D:1      | Kenran the Gargoyle Berserker began the quest for the Orb.
     0 | D:1      | Reached XP level 1. HP: 14/14 MP: 1/1
   285 | D:1      | Reached XP level 2. HP: 9/19 MP: 2/2
   708 | D:2      | Noticed a scorpion
   722 | D:2      | Killed a scorpion
   723 | D:2      | Reached XP level 3. HP: 9/23 MP: 3/3
   723 | D:2      | Reached XP level 4. HP: 11/28 MP: 4/4
   943 | D:2      | Identified the +8 ring mail of the Nine Lives {rF++ Dex+2}
  1048 | D:2      | Found a burning altar of Makhleb.
  1096 | D:2      | You fall into a shaft and drop 2 floors!
  1124 | D:4      | Reached ** piety under Trog
  1519 | D:2      | Reached skill level 5 in Long Blades
  1519 | D:2      | Reached XP level 5. HP: 30/32 MP: 5/5
  2460 | D:4      | Reached XP level 6. HP: 37/37 MP: 6/6
  2581 | D:4      | Reached *** piety under Trog
  2617 | D:4      | Found a stormy altar of Qazlal.
  2993 | D:5      | Entered Level 5 of the Dungeon
  2997 | D:5      | Noticed Sigmund
  3044 | D:5      | Killed Sigmund
  3045 | D:5      | Reached XP level 7. HP: 41/41 MP: 7/7
  3108 | D:5      | Identified the +1 rapier of Quetz {elec, rElec}
  3120 | D:5      | Noticed Menkaure
  3126 | D:5      | Killed Menkaure
  3165 | D:5      | Reached XP level 8. HP: 41/46 MP: 8/8
  3343 | D:5      | Found a shadowy altar of Dithmenos.
  3343 | D:5      | Found a shimmering altar of Xom.
  3348 | D:5      | Found a glowing silver altar of Zin.
  3348 | D:5      | Found an iron altar of Okawaru.
  3501 | D:5      | Reached skill level 10 in Long Blades
  3507 | D:5      | Reached skill level 4 in Fighting
  3553 | D:5      | Killed an unseen horror
  3554 | D:5      | Reached XP level 9. HP: 35/53 MP: 9/9
  3591 | D:5      | Reached skill level 5 in Fighting
  3852 | D:5      | Noticed Ijyb
  3857 | D:5      | Killed Ijyb
  4013 | D:6      | Found a hazy altar of Hepliaklqana.
  4152 | D:6      | Reached **** piety under Trog
  4191 | D:6      | Found a bloodstained altar of Trog.
  4469 | D:6      | Reached skill level 5 in Dodging
  4852 | D:7      | Found a staircase to the Ecumenical Temple.
  5092 | D:7      | Found a one-way gate to the infinite horrors of the Abyss.
  5092 | D:7      | Identified the +7 rapier of the Grand God {distort, Int+3
                  | Dex+2}
  5179 | D:7      | Reached XP level 10. HP: 59/59 MP: 10/10
  5395 | D:7      | Found a large runed translucent door.
  5398 | D:7      | Found a large runed translucent door.
  5401 | D:7      | Found a corrupted altar of Lugonu.
  5554 | D:7      | Found a glowing golden altar of the Shining One.
  5869 | D:8      | Found a snail-covered altar of Cheibriados.
  5937 | D:8      | Noticed a two-headed ogre
  5945 | D:8      | Killed a two-headed ogre
  5946 | D:8      | Reached skill level 6 in Fighting
  6060 | D:8      | Found a flagged portal.
  6079 | Bailey   | Entered a bailey
  6164 | Bailey   | Reached skill level 7 in Fighting
  6217 | Bailey   | Reached ***** piety under Trog
  6263 | Bailey   | Reached skill level 8 in Fighting
  6275 | Bailey   | Reached skill level 1 in Shields
  6352 | Bailey   | Noticed an orc warlord
  6370 | Bailey   | Killed an orc warlord
  6371 | Bailey   | Reached skill level 5 in Armour
  6403 | Bailey   | Identified the +3 war axe of Satyriasis {venom, rF+ Str+3}
  6485 | D:8      | Reached XP level 11. HP: 63/68 MP: 11/11
  6567 | D:8      | Noticed Maggie
  6581 | D:8      | Killed Maggie
  7304 | D:10     | Entered Level 10 of the Dungeon
  7450 | D:10     | Found an ornate altar of the Wu Jian Council.
  7467 | D:10     | Found an opulent altar of Gozag.
  7787 | D:10     | Found a staircase to the Lair.
  8017 | D:10     | Found a sacrificial altar of Ru.
  8018 | D:10     | Found a burning altar of Makhleb.
  8075 | D:10     | Noticed a centaur warrior
  8084 | D:10     | Killed a centaur warrior
  8294 | D:11     | Found a staircase to the Orcish Mines.
  8610 | D:11     | Noticed a two-headed ogre
  8623 | D:11     | Killed a two-headed ogre
  8753 | D:11     | Found a runed translucent door.
  8753 | D:11     | Noticed spanner's ghost (journeyman MiBe)
  9562 | D:11     | Found a staircase to the Orcish Mines.
  9899 | D:12     | Noticed a purple ugly thing
  9909 | D:12     | Killed a purple ugly thing
 10028 | Lair:1   | Entered Level 1 of the Lair of Beasts
 10160 | Lair:1   | Reached XP level 12. HP: 75/75 MP: 12/12
 10346 | Lair:1   | Reached skill level 9 in Fighting
 10616 | Lair:1   | Received a gift from Trog
 11038 | Lair:2   | Reached skill level 10 in Fighting
 11282 | Lair:2   | Noticed a skyshark
 11296 | Lair:2   | Killed a skyshark
 11307 | Lair:2   | Noticed a five-headed hydra
 11322 | Lair:2   | Killed a five-headed hydra
 11392 | Lair:2   | Reached XP level 13. HP: 82/82 MP: 13/13
 11512 | Lair:2   | Found a sacrificial altar of Ru.
 11831 | Lair:3   | Reached skill level 10 in Armour
 11849 | Lair:3   | Noticed Josephine
 11851 | Lair:3   | Reached skill level 1 in Evocations
 11860 | Lair:3   | Killed Josephine
 11943 | Lair:3   | Reached skill level 5 in Evocations
 12015 | Lair:3   | Found a staircase to the Snake Pit.
 12309 | Lair:3   | Reached ****** piety under Trog
 12338 | Lair:3   | You fall into a shaft and drop 1 floor!
 12502 | Lair:4   | Reached skill level 11 in Fighting
 12684 | Lair:3   | Noticed Rupert
 12702 | Lair:3   | HP: 1/84 [Rupert/+2 great sword of holy wrath (20)]
 12706 | Lair:3   | Reached skill level 12 in Fighting
 12706 | Lair:3   | Gained mutation: Your large and strong wings let you fly.
                  | [Gargoyle growth]
 12706 | Lair:3   | Reached XP level 14. HP: 38/92 MP: 14/14
 13016 | Lair:3   | Found a staircase to the Shoals.
 13059 | Lair:3   | Killed Rupert
 13060 | Lair:3   | Reached skill level 13 in Fighting
 13616 | Lair:4   | Reached XP level 15. HP: 94/99 MP: 15/15
 13854 | Lair:4   | Found a hide-covered altar of Uskayaw.
 13931 | Lair:4   | Found a viscous altar of Jiyva.
 13931 | Lair:4   | Found a staircase to the Slime Pits.
 13954 | Lair:4   | Reached skill level 14 in Fighting
 14182 | Lair:5   | Entered Level 5 of the Lair of Beasts
 14271 | Lair:5   | Identified the +4 flail of Pahodipp {freeze, Int+7 Dex-4
                  | SInv}
 14303 | Lair:5   | Found a gate leading to a gauntlet.
 14333 | Gauntlet | Entered a Gauntlet
 14333 | Gauntlet | Found a transporter.
 14333 | Gauntlet | Found a transporter.
 14359 | Gauntlet | Found a transporter.
 14360 | Gauntlet | Found a transporter.
 14369 | Gauntlet | Found a transporter.
 14371 | Gauntlet | Found a transporter.
 14381 | Gauntlet | Found a transporter.
 14401 | Gauntlet | Found a transporter.
 14418 | Gauntlet | Found a transporter.
 14421 | Gauntlet | Found a transporter.
 14423 | Gauntlet | Found a runed translucent gate.
 14423 | Gauntlet | Found a runed translucent gate.
 14423 | Gauntlet | Found a runed translucent gate.
 14429 | Gauntlet | Found a transporter.
 14432 | Gauntlet | Found a transporter.
 14521 | Gauntlet | Paralysed by a floating eye for 4 turns
 14526 | Gauntlet | Reached skill level 15 in Fighting
 14623 | Gauntlet | Identified the +0 pair of boots "Fowuser" {rElec rF+ rC++
                  | Slay-4}
 14637 | Gauntlet | Identified the +12 flail "Lifebane" {freeze, rPois rN+
                  | Stlth-}
 14637 | Gauntlet | Identified the +2 ring mail "Rulued" {Rampage Dex+6}
 14644 | Gauntlet | HP: 3/231 [minotaur/the +12 flail "Lifebane" {freeze, rPois
                  | rN+ Stlth-} (19)]
 14644 | Gauntlet | HP: 1/231 [minotaur/the +12 flail "Lifebane" {freeze, rPois
                  | rN+ Stlth-} (2)]
 14645 | Gauntlet | Demolished by a minotaur

Illustrated notes

Levels and vault maps discovered:
D:1:      onia_arrival_pyramid, layout_basic, minmay_statues_item
D:2:      layout_loops_corners, basic_altar
D:3:      layout_loops_ring, minivault_25, minmay_misc_feat_room
D:4:      layout_basic, nicolae_qazlal_scattered_showers
D:5:      layout_loops_cross, grunt_temple_overflow_open, chequers_arboretum,
          minmay_divided_ellipse, uniq_sigmund, uniq_menkaure, uniq_ijyb
D:6:      layout_loops_corners, bloody_trog, worldfamousw_hep_ancestral_shrine
D:7:      due_chaos_kobolds, layout_basic, nicolae_tso_swordbearing_angel,
          minmay_temple_entry_grid
D:8:      layout_layer_cave, kennysheep_little_box, enter_bailey_2, uniq_maggie
D:9:      layout_roguey, wad_floor_pattern_1, minmay_misc_feat_alley,
          the_hattery
D:10:     layout_stronghold, mainiacjoe_overflow_boulevard,
          mainiacjoe_overflow_24_doors, gammafunk_temple_overflow_statue,
          erik_lair_orcish_takeover, minmay_parallelograms
D:11:     layout_grid_maze, david_orc_5, gammafunk_ghost_grave,
          wad_floor_pattern_untrapped
D:12:     layout_basic, minmay_radiant
Lair:1:   layout_roguey
Lair:2:   nzn_winding_woodlands_medium [nzn_winding_woodlands_hourglass,
          nzn_winding_woodlands_5x15_lazy_stream,
          nzn_winding_woodlands_5x5_perimeter,
          nzn_winding_woodlands_5x5_default,
          nzn_winding_woodlands_center_triple_pond,
          nzn_winding_woodlands_5x5_default, nzn_winding_woodlands_5x5_default,
          nzn_winding_woodlands_5x15_jagged, nzn_winding_woodlands_5x5_cross],
          layout_small_grid, lemuel_centaur_altar
Lair:3:   layout_loops_ring, minmay_shoals_entry_beasts,
          minmay_snake_entry_guardpost_small, nicolae_lair_liquid_snakes,
          grunt_megastairs_4, uniq_josephine, uniq_rupert
Lair:4:   layout_concentric_octagons, nicolae_slime_entry_slimehenge,
          basic_altar
Lair:5:   gammafunk_lair_ancient_temple, layout_gridlike, serial_rivers,
          chequers_serial_rivers_small_b, chequers_serial_rivers_micro_b,
          chequers_serial_rivers_micro_c, chequers_serial_rivers_micro_d,
          gauntlet_entry_generic, nicolae_lair_grove_arrangements
Gauntlet: minmay_gauntlet_mixed_big_or_small [gammafunk_gauntlet_arena_split_x,
          minmay_gauntlet_arena_77_squiggly, gammafunk_gauntlet_arena_open,
          minmay_gauntlet_arena_77_run_for_it, gammafunk_gauntlet_arena_crates,
          minmay_gauntlet_arena_77_two_lines,
          nicolae_gauntlet_exit_dead_adventurers]

Skill      XL: |  1  2  3  4  5  6  7  8  9 10 11 12 13 14 15 |
---------------+----------------------------------------------+-----
Long Blades    | 3 4 5 7 8 10 11 12 14 | 14.0
Fighting       | 4 5 8 10 12 13 15 | 15.4
Dodging        | 3 5 7 8 |  8.0
Shields        | 3 |  3.0
Armour         | 5 6 9 12 | 12.5
Evocations     | 5 |  5.0

Action                     |  1- 3 |  4- 6 |  7- 9 | 10-12 | 13-15 || total
---------------------------+-------+-------+-------+-------+-------++-------
  Melee: Falchion          |    56 |    24 |       |       |       ||    80
         Punch             |     1 |       |       |       |       ||     1
         Long sword        |       |   109 |   277 |   756 |   617 ||  1759
         Rapier            |       |       |       |    11 |    28 ||    39
 Invoke: Berserk           |     1 |     1 |     1 |     2 |     3 ||     8
         Brothers in Arms  |       |       |       |     1 |     2 ||     3
         Trog's Hand       |       |       |       |       |     3 ||     3
  Evoke: Wand              |       |       |       |     1 |     5 ||     6
    Use: Scroll            |       |     6 |     5 |     4 |     3 ||    18
         Potion            |       |       |       |       |     4 ||     4
 Armour: Chain mail        |    29 |     4 |       |       |       ||    33
         Ring mail         |       |    87 |   333 |   457 |   607 ||  1484
         Skin              |       |       |       |       |     3 ||     3
  Dodge: Dodged            |    13 |   101 |   246 |   528 |   629 ||  1517
  Block: Buckler           |       |     8 |    66 |   196 |   212 ||   482
